 Dungeon Crawl Stone Soup version 0.31-a0-214-gb37851dbb3 (webtiles) character file.

Game seed: 2595535943031304503

215127 qw the Peltast (level 19, -4/124 HPs)
             Began as a Gargoyle Fighter on July 1, 2023.
             Was a High Priest of Okawaru.
             Slain by a vault warden
             ... wielding a +0 battleaxe
              (22 damage)
             ... on level 2 of the Vaults.
             The game lasted 00:22:24 (32775 turns).

qw the Peltast (Gargoyle Fighter)                  Turns: 32775, Time: 00:22:24

Health: -4/124     AC: 49    Str: 32    XL:     19   Next: 1%
Magic:  20/26      EV: 15    Int: 11    God:    Okawaru [*****.]
Gold:   150        SH: 24    Dex:  9    Spells: 18/18 levels left

rFire   + . .        y - +2 broad axe (vamp)
rCold   + . .        j - +2 tower shield {AC+3}
rNeg    + . .        l - +0 plate armour
rPois   inf          p - +2 helmet
rElec   +            J - scarf {rC+ rF+}
rCorr   .            B - +2 pair of gloves
SInv    .            h - +2 pair of slick slippers {slick, slippery, EV+4}
Will    +....        D - amulet of faith Stlth
                     a - +4 ring of protection
HPRegen 0.40/turn    e - +6 ring of strength
MPRegen 0.20/turn

%: clarity, faith
@: about to teleport, heroic, finesse-ful, flying, glowing
A: sickness immunity, AC +14, big wings, negative energy resistance 1,
electricity resistance, torment resistance 1, petrification resistance, clarity
}: 1/15 runes: serpentine
a: Renounce Religion, Heroism, Finesse, Duel


You were on level 2 of the Vaults.
You worshipped Okawaru.
Okawaru was extremely pleased with you.
You visited 7 branches of the dungeon, and saw 32 of its levels.
You visited 1 bazaar.

You collected 3578 gold pieces.
You spent 3428 gold pieces at shops.


Innate Abilities, Weirdness & Mutations

You are immune to sickness and miasma.
Your stone body is resilient. (AC +14)
You are immune to poison.
Your large and strong wings let you fly.
You resist negative energy. (rN+)
You are resistant to electric shocks. (rElec)
You are resistant to unholy torment.
You are immune to petrification.
You possess an exceptional clarity of mind.


   Skills:
 - Level 15.4(20.4) Fighting
 - Level 18.0(23.0) Axes
 + Level 8.2(13.2) Throwing
 - Level 13.0(18.0) Armour
 - Level 4.3(9.3) Dodging
 - Level 18.8(23.8) Shields
 - Level 10.0 Invocations


You had 18 spell levels left.
You didn't know any spells.
Your spell library was empty.

Inventory:

Hand Weapons
 k - the +4 war axe of Courage {freeze, rCorr Str+3}
   (Okawaru gifted it to you on level 2 of the Snake Pit)

   Str:       It affects your strength (+3).
   rCorr:     It protects you from acid and corrosion.
 v - a +2 spectral broad axe
 y - a +2 vampiric broad axe (weapon)
Missiles
 w - 12 boomerangs (quivered)
 I - 4 silver javelins
 L - 2 javelins
 M - 4 boomerangs of dispersal
Armour
 h - the +2 pair of slick slippers (worn) {slick, slippery, EV+4}
   (You acquired it on level 7 of the Dungeon)

   Slick:     Its wearer cannot be constricted, engulfed, netted or webbed.
   Slippery:  Its wearer slips away from damaging melee attacks, pulling the
   attacker onward.
   EV:        It affects your evasion (+4).
 i - a +0 cloak of poison resistance
 j - a +2 tower shield of protection (worn)
 l - a +0 plate armour (worn)
 p - a +2 helmet (worn)
 q - a +0 tower shield of resistance
 r - a +2 cloak
 B - a +2 pair of gloves (worn)
 J - a scarf of resistance (worn)
 K - a +0 chain mail of fire resistance
Jewellery
 a - a +4 ring of protection (left hand)
 b - a ring of resist corrosion
 c - an amulet of reflection
 e - a +6 ring of strength (right hand)
 t - a ring of protection from cold
 x - a ring of protection from fire
 C - a ring of protection from fire
 D - an amulet of faith (around neck)
 H - a ring of protection from cold
Wands
 E - a wand of digging (14)
Scrolls
 s - 6 scrolls of identify
 A - 4 scrolls of teleportation
Potions
 d - 11 potions of might
 f - 5 potions of magic
 g - 6 potions of mutation
 m - 7 potions of attraction
 n - 13 potions of curing
 o - 5 potions of haste
 u - 2 potions of lignification
 z - 4 potions of enlightenment
 F - 3 potions of resistance
 G - 4 potions of heal wounds

Dungeon Overview and Level Annotations

Branches:
Dungeon (15/15)            Temple (1/1) D:7            Lair (5/5) D:9
  Swamp (3/4) Lair:3        Snake (4/4) Lair:3        Slime (0/5) Lair:5
    Orc (2/2) D:12            Elf (0/3) Orc:2        Vaults (2/5) D:13
 Depths (0/4) D:15
  Crypt: Vaults:2-3

Altars:
Ashenzari
Cheibriados
Dithmenos
Elyvilon
Fedhas
Gozag
Hepliaklqana
Kikubaaqudgha
Makhleb
Nemelex Xobeh
Okawaru
Qazlal
Ru
Sif Muna
Trog
Uskayaw
Vehumet
Wu Jian
Xom
Yredelemnul
Zin
The Shining One

Shops:
D:2 (   D:8 !   D:12 *   Orc:2 [*(:   Snake:2 =::!

Annotations:
D:2 1 runed translucent door, Crazy Yiuf
Lair:1 3 runed translucent doors, qw's ghost, journeyman GrFi; qw's ghost, novice GrFi
Snake:2 3 runed translucent doors, Razfen's ghost, adept GnWn
Snake:4 3 runed translucent doors, qw's ghost, adept GrFi; qw's ghost, adept MiHu
Vaults:2 Mennas


Message History

You slash the vault warden!
You feel better.
You hit the vault warden but do no damage.
You slice the deep troll!!
You feel better.
The ironbound convoker casts a spell at the orc warlord.
The orc warlord seems to grow stronger.
The ironbound frostheart touches you. The ironbound frostheart freezes you!
You resist. You block the deep troll's attack.
The deep troll closely misses you.
The deep troll claws you but does no damage.
You block the vault warden's attack.
The vault warden hits you with a +0 long sword!!
You barely miss the ironbound frostheart.
The ironbound frostheart is heavily wounded.
You barely miss the deep troll. You slash the vault warden!
You hit the vault warden.
You kill the ironbound preserver!
Okawaru accepts your kill.
You hit the ironbound frostheart.
The ironbound frostheart is heavily wounded.
You completely miss the vault warden. You hit the vault warden.
You barely miss the deep troll. You slash the ironbound frostheart!
The ironbound frostheart is severely wounded.
You hit the vault warden.
You feel better.
You barely miss the vault warden.
You hit the deep troll but do no damage.
The ironbound convoker gestures at the vault warden while chanting.
The vault warden seems to grow stronger.
The ironbound frostheart touches you but does no damage.
The deep troll bites you but does no damage.
You block the deep troll's attack.
The deep troll claws you but does no damage.
You block the vault warden's attack.
The vault warden hits you with a +0 long sword!!!
32775 ||| READING 5 scrolls of teleportation.
As you read the scroll of teleportation, it crumbles to dust.
You feel strangely unstable.
An ironbound convoker opens the door.
The ironbound frostheart touches you but does no damage.
You block the deep troll's attack. x2; The deep troll closely misses you.
The vault warden hits you with a +0 battleaxe!!
You die...

#....?#...#
###+####..# ##
###.# #.#
#.#.## ## #..#
#..#..## #.
+...#.G.+.>.#
##
#.)#A#c.#..## #
#.#opT#c#.## #
#.pp@p###.# ..
###'####..# #..
#.....#...#
....
#$...#...#....#
.... ####
##.####### ###


You could see Mennas, an orc warlord (strong), 2 vault wardens, 2 yaktaur
captains, a great orb of eyes, an ironbound frostheart, a deep troll and an
ironbound convoker.

Vanquished Creatures
  Jorgrun (D:14)
  A titan (Vaults:2)
  Asterion (Snake:4)
  Kirke (Snake:2)
  A sphinx (Vaults:2)
  A fire giant (Vaults:2)
  2 nagarajas (Snake:4)
  3 vault wardens
  Aizul (Snake:1)
  A very ugly thing (D:15)
  An orc warlord (Orc:2)
  7 ironbound preservers
  2 stone giants (Vaults:2)
  2 ironbound thunderhulks
  A formless jellyfish (Vaults:1)
  2 eleionomae (Swamp:2)
  4 dire elephants
  2 bunyips
  Snorg (Orc:1)
  An ettin (Vaults:2)
  5 yaktaur captains
  2 great orbs of eyes
  3 ironbound frosthearts
  5 vault guards
  A rakshasa (D:14)
  6 centaur warriors
  6 hydras
  6 salamander tyrants
  A ghost crab (Swamp:2)
  A catoblepas (Lair:5)
  6 anacondas
  Erica (D:8)
  5 boulder beetles
  13 alligators
  4 two-headed ogres
  3 tengu warriors
  14 naga warriors
  2 death yaks (Lair:4)
  A naga sharpshooter (Snake:1)
  4 orc high priests (Orc:2)
  Urug (D:13)
  4 shock serpents
  A skyshark (Lair:5)
  4 salamander mystics
  Lodul (D:13)
  3 goliath frogs
  3 swamp dragons
  6 deep trolls
  2 spriggan druids
  An orb spider (shapeshifter) (D:15)
  A glowing orange brain (D:15)
  A wizard (Vaults:1)
  3 bog bodies
  2 necromancers (D:13)
  7 ironbound convokers
  9 lindwurms
  3 sea snakes (Snake:2)
  2 naga ritualists
  A phantasmal warrior (Vaults:2)
  Pikel (D:6)
  3 orc sorcerers
  3 mana vipers
  20 ugly things
  4 orc knights
  3 will-o-the-wisps
  17 salamanders
  4 deep elf pyromancers
  6 elephants (Lair:5)
  6 manticores
  3 cyclopes
  Joseph (D:8)
  12 naga magi
  30 black mambas
  3 gargoyles
  6 torpor snails
  6 vault sentinels
  2 guardian serpents
  15 cane toads
  Psyche (D:10)
  Maggie (D:10)
  2 unseen horrors
  13 komodo dragons
  4 rime drakes
  10 yaktaurs (Vaults:1)
  3 tengu conjurers
  10 polar bears (Lair:5)
  6 trolls
  A bloated husk (Swamp:1)
  A raiju (Lair:5)
  Prince Ribbit (D:6)
  12 tyrant leeches
  6 dream sheep
  7 hornets
  8 blink frogs
  28 slime creatures
  A shadow (D:10)
  6 spriggans
  A vampire (D:12)
  9 wyverns
  4 wraiths
  49 yaks
  2 basilisks
  19 humans (D:13)
  2 steam dragons
  Grum (D:10)
  Edmund (D:4)
  4 hogs (Snake:2)
  13 vampire mosquitoes
  11 swamp worms
  8 wargs
  30 nagas
  An acid dragon (D:14)
  20 water moccasins
  Duvessa (D:6)
  16 hell hounds (Lair:5)
  25 orc warriors
  2 sky beasts
  14 black bears
  6 swamp drakes
  11 ogres
  A boggart (Vaults:1)
  19 wolves
  A phantom (D:7)
  15 centaurs
  3 lemures (D:6)
  2 kobold brigands
  13 bullfrogs
  2 gnoll sergeants
  Dowan (D:6)
  6 wights
  15 killer bees
  2 howler monkeys (D:9)
  11 electric eels
  5 lava snakes
  5 hounds
  A jelly (D:8)
  17 orc priests
  A sleepcap (D:5)
  Ijyb (D:4)
  2 iguanas
  12 orc wizards
  Robin (D:2)
  7 gnolls (D:7)
  17 adders
  2 shadow imps
  4 white imps
  2 ufetubi (D:5)
  4 worms (D:2)
  2 dart slugs
  55 orcs
  2 endoplasms
  4 giant cockroaches
  21 goblins
  6 hobgoblins
  4 jackals (D:4)
  2 quokkas (D:5)
  3 ball pythons
  8 bats
  3 frilled lizards
  15 kobolds
  7 rats
  A fire vortex (D:14)
  2 spectral weapons
1003 creatures vanquished.

Vanquished Creatures (others)
  A dread lich (Vaults:2)
  Maurice (D:8)
  A naga mage (Snake:4)
  3 yaks (D:10)
  An orc wizard (D:9)
  16 foxfires
23 creatures vanquished.

Grand Total: 1026 creatures vanquished

Notes
Turn   | Place    | Note
-------+----------+-------------------------------------------
     0 | D:1      | qw the Gargoyle Fighter began the quest for the Orb.
     0 | D:1      | Reached XP level 1. HP: 14/14 MP: 1/1
     0 | D:1      | 0 ||| qw: Version: 0.3-a-32-g5962c71
     0 | D:1      | 0 ||| qw: Game counter: 7624
     0 | D:1      | 0 ||| qw: Melee chars always use a shield: true
     0 | D:1      | 0 ||| qw: God list: Okawaru
     0 | D:1      | 0 ||| qw: Allow faded altars: false
     0 | D:1      | 0 ||| qw: Do Orc after clearing Dungeon:15 true
     0 | D:1      | 0 ||| qw: Do second Lair branch before Depths: true
     0 | D:1      | 0 ||| qw: Lair rune preference: random
     0 | D:1      | 0 ||| qw: Goals: Normal, Zot:1-4, Slime:5, God:TSO, Crypt,
                  | Tomb, Abyss, Pan, Hells, Win
     0 | D:1      | 0 ||| PLANNING D:1-11
   103 | D:1      | 103 ||| Stepping ~*~*~tactically~*~*~ (hiding).
   341 | D:1      | Reached XP level 2. HP: 19/19 MP: 2/2
   369 | D:1      | 369 ||| Stepping ~*~*~tactically~*~*~ (stealth).
   371 | D:1      | 371 ||| Stepping ~*~*~tactically~*~*~ (stealth).
   847 | D:1      | 847 ||| Stepping ~*~*~tactically~*~*~ (hiding).
  1156 | D:1      | 1156 ||| READING scroll labelled QIOJIHIDGHY.
  1157 | D:1      | 1157 ||| READING scroll labelled EHYOSEZ SAWNO.
  1160 | D:1      | 1160 ||| READING scroll labelled NITYQY JUC XEM.
  1161 | D:1      | 1161 ||| READING scroll labelled BIATHR AMME.
  1162 | D:1      | 1162 ||| DRINKING 2 lumpy pink potions.
  1163 | D:1      | 1163 ||| DROPPING potion of degeneration.
  1203 | D:2      | Reached skill level 3 in Axes
  1206 | D:2      | Found Xiared's Weapon Emporium.
  1214 | D:2      | 1214 ||| SHOPLISTING +0 hand axe (30 gold, have 25).
  1214 | D:2      | 1214 ||| SHOPLISTING +2 whip of venom (150 gold, have 25).
  1214 | D:2      | 1214 ||| SHOPLISTING +3 flail of holy wrath (233 gold, have
                  | 25).
  1236 | D:2      | 1236 ||| Stepping ~*~*~tactically~*~*~ (hiding).
  1242 | D:2      | Reached XP level 3. HP: 22/23 MP: 3/3
  1484 | D:2      | Noticed Robin
  1496 | D:2      | Killed Robin
  1497 | D:2      | Reached skill level 1 in Throwing
  1541 | D:2      | Found a runed translucent door.
  1542 | D:2      | Noticed Crazy Yiuf
  1645 | D:2      | Reached XP level 4. HP: 17/28 MP: 4/4
  1921 | D:2      | Found the +7 Spriggan's Knife {stab, EV+4 Stlth+}
  2150 | D:2      | 2150 ||| UPGRADING to +0 helmet.
  2155 | D:2      | 2155 ||| READING scroll labelled NYTOTUADIS.
  2156 | D:2      | 2156 ||| READING 2 scrolls labelled MUKKEO KIDIDUSO.
  2157 | D:2      | 2157 ||| DRINKING 2 bubbling red potions.
  2158 | D:2      | 2158 ||| DROPPING scroll of fog.
  2276 | D:3      | 2276 ||| Stepping ~*~*~tactically~*~*~ (hiding).
  2301 | D:3      | 2301 ||| DROPPING +0 whip.
  2324 | D:3      | Reached XP level 5. HP: 26/32 MP: 5/5
  2342 | D:3      | 2342 ||| Stepping ~*~*~tactically~*~*~ (stealth).
  2372 | D:3      | 2372 ||| DROPPING +0 mace.
  2694 | D:3      | 2694 ||| Stepping ~*~*~tactically~*~*~ (hiding).
  2839 | D:3      | 2839 ||| Stepping ~*~*~tactically~*~*~ (stealth).
  2841 | D:3      | 2841 ||| Stepping ~*~*~tactically~*~*~ (stealth).
  3063 | D:3      | 3063 ||| DROPPING +1 hat of stealth.
  3064 | D:3      | 3064 ||| UPGRADING to +1 helmet.
  3074 | D:3      | 3074 ||| DROPPING +0 helmet.
  3075 | D:3      | 3075 ||| UPGRADING to +4 ring of protection.
  3076 | D:3      | 3076 ||| READING scroll labelled VAUSAM SAZAUF.
  3097 | D:3      | 3097 ||| READING scroll labelled RESHAJ YZOWK.
  3098 | D:3      | 3098 ||| READING scroll labelled GYIBRA BUSH.
  3099 | D:3      | 3099 ||| READING scroll labelled YRIGOMNAMO.
  3130 | D:4      | Reached XP level 6. HP: 34/37 MP: 6/6
  3278 | D:4      | Noticed Ijyb
  3279 | D:4      | 3279 ||| Stepping ~*~*~tactically~*~*~ (hiding).
  3289 | D:4      | Killed Ijyb
  3469 | D:4      | 3469 ||| Stepping ~*~*~tactically~*~*~ (stealth).
  3488 | D:4      | Noticed Edmund
  3513 | D:4      | HP: 5/38 [Edmund/+2 flail of protection (7)]
  3514 | D:4      | 3514 ||| READING scroll of teleportation.
  3515 | D:4      | 3515 ||| DRINKING potion of heal wounds.
  3606 | D:4      | HP: 6/38 [Edmund/+2 flail of protection (8)]
  3609 | D:4      | Killed Edmund
  3610 | D:4      | Reached XP level 7. HP: 8/43 MP: 7/7
  3742 | D:4      | 3742 ||| DROPPING +0 flail.
  3841 | D:4      | You fall into a shaft and drop 1 floor!
  3841 | D:5      | Entered Level 5 of the Dungeon
  3903 | D:5      | 3903 ||| UPGRADING to +0 plate armour.
  3913 | D:5      | 3913 ||| DROPPING +0 scale mail.
  3914 | D:5      | 3914 ||| UPGRADING to +6 ring of strength.
  3915 | D:5      | 3915 ||| READING scroll labelled TUOG RYIFE.
  3916 | D:5      | 3916 ||| DRINKING 2 gluggy clear potions.
  3916 | D:5      | Gained mutation: You are dopey. (Int -2) [potion of
                  | mutation]
  3916 | D:5      | Gained mutation: You possess an exceptional clarity of
                  | mind. [potion of mutation]
  4308 | D:5      | 4308 ||| Stepping ~*~*~tactically~*~*~ (stealth).
  4398 | D:5      | Reached skill level 6 in Axes
  5043 | D:5      | 5043 ||| READING scroll labelled DAUPHA SIRPHOT.
  5103 | D:6      | Noticed Pikel
  5114 | D:6      | Reached XP level 8. HP: 47/48 MP: 8/8
  5123 | D:6      | Killed Pikel
  5124 | D:6      | Reached skill level 6 in Fighting
  5173 | D:6      | 5173 ||| Stepping ~*~*~tactically~*~*~ (stealth).
  5174 | D:6      | 5174 ||| Stepping ~*~*~tactically~*~*~ (stealth).
  5175 | D:6      | 5175 ||| Stepping ~*~*~tactically~*~*~ (stealth).
  5287 | D:6      | Found a shadowy altar of Dithmenos.
  5322 | D:6      | 5322 ||| Stepping ~*~*~tactically~*~*~ (hiding).
  5323 | D:6      | 5323 ||| Stepping ~*~*~tactically~*~*~ (hiding).
  5324 | D:6      | 5324 ||| Stepping ~*~*~tactically~*~*~ (hiding).
  5334 | D:6      | 5334 ||| Stepping ~*~*~tactically~*~*~ (hiding).
  5358 | D:6      | Reached XP level 9. HP: 56/56 MP: 9/9
  5376 | D:6      | Noticed Prince Ribbit
  5377 | D:6      | 5377 ||| Stepping ~*~*~tactically~*~*~ (stealth).
  5378 | D:6      | 5378 ||| Stepping ~*~*~tactically~*~*~ (stealth).
  5384 | D:6      | Killed Prince Ribbit
  5472 | D:6      | Noticed Dowan
  5480 | D:6      | Killed Dowan
  5481 | D:6      | Noticed Duvessa
  5482 | D:6      | 5482 ||| Stepping ~*~*~tactically~*~*~ (stealth).
  5485 | D:6      | 5485 ||| Stepping ~*~*~tactically~*~*~ (stealth).
  5498 | D:6      | Killed Duvessa
  5527 | D:6      | 5527 ||| Stepping ~*~*~tactically~*~*~ (stealth).
  5764 | D:6      | 5764 ||| DROPPING ring of magical power.
  5765 | D:6      | 5765 ||| READING 3 scrolls of identify.
  5765 | D:6      | 5765 ||| IDENTIFYING fizzy pink potion
  5766 | D:6      | 5766 ||| READING 2 scrolls of identify.
  5766 | D:6      | 5766 ||| IDENTIFYING metallic sapphire potion
  5767 | D:6      | 5767 ||| DROPPING potion of ambrosia.
  5792 | D:7      | Found a staircase to the Ecumenical Temple.
  5793 | D:7      | 5793 ||| PLANNING TEMPLE
  5803 | Temple   | Entered the Ecumenical Temple
  5974 | Temple   | 5974 ||| PLANNING OKAWARU WORSHIP
  6374 | Temple   | Became a worshipper of Warmaster Okawaru
  6375 | Temple   | 6375 ||| PLANNING D:1-11
  6578 | D:7      | Reached skill level 9 in Axes
  6605 | D:7      | 6605 ||| Stepping ~*~*~tactically~*~*~ (stealth).
  6606 | D:7      | 6606 ||| Stepping ~*~*~tactically~*~*~ (stealth).
  6711 | D:7      | 6711 ||| Stepping ~*~*~tactically~*~*~ (hiding).
  6712 | D:7      | 6712 ||| Stepping ~*~*~tactically~*~*~ (hiding).
  6778 | D:7      | 6778 ||| Stepping ~*~*~tactically~*~*~ (water).
  6884 | D:7      | 6884 ||| Stepping ~*~*~tactically~*~*~ (hiding).
  6886 | D:7      | 6886 ||| Stepping ~*~*~tactically~*~*~ (hiding).
  6887 | D:7      | 6887 ||| Stepping ~*~*~tactically~*~*~ (hiding).
  6888 | D:7      | 6888 ||| Stepping ~*~*~tactically~*~*~ (hiding).
  7080 | D:7      | 7080 ||| READING scroll labelled UNGOET YNABB.
  7082 | D:7      | 7082 ||| Stepping ~*~*~tactically~*~*~ (stealth).
  7100 | D:7      | Reached * piety under Okawaru
  7151 | D:7      | 7151 ||| INVOKING Heroism.
  7211 | D:7      | 7211 ||| Stepping ~*~*~tactically~*~*~ (water).
  7218 | D:7      | HP: 14/57 [water moccasin (2)]
  7219 | D:7      | 7219 ||| READING scroll of teleportation.
  7219 | D:7      | HP: 4/57 [electric eel/bolt of electricity (3)]
  7219 | D:7      | HP: 1/57 [water moccasin (3)]
  7518 | D:7      | 7518 ||| Stepping ~*~*~tactically~*~*~ (stealth).
  7524 | D:7      | 7524 ||| INVOKING Heroism.
  7712 | D:7      | 7712 ||| DRINKING 2 inky potions.
  7713 | D:7      | 7713 ||| READING 2 scrolls of identify.
  7713 | D:7      | 7713 ||| IDENTIFYING viscous yellow potion
  7772 | D:8      | Found Guac's Distillery.
  7777 | D:8      | 7777 ||| BUYING potion of attraction (39 gold).
  7777 | D:8      | Bought a potion of attraction for 39 gold pieces
  7777 | D:8      | 7777 ||| BUYING potion of curing (39 gold).
  7777 | D:8      | Bought a potion of curing for 39 gold pieces
  7777 | D:8      | 7777 ||| BUYING potion of heal wounds (65 gold).
  7777 | D:8      | Bought a potion of heal wounds for 65 gold pieces
  7777 | D:8      | 7777 ||| BUYING potion of magic (104 gold).
  7777 | D:8      | Bought a potion of magic for 104 gold pieces
  7777 | D:8      | 7777 ||| SHOPLISTING potion of mutation (104 gold, have
                  | 17).
  7787 | D:8      | 7787 ||| Stepping ~*~*~tactically~*~*~ (hiding).
  7808 | D:8      | 7808 ||| INVOKING Heroism.
  7812 | D:8      | Reached XP level 10. HP: 46/63 MP: 7/10
  7914 | D:8      | Reached skill level 6 in Armour
  7918 | D:8      | Reached skill level 1 in Invocations
  7960 | D:8      | 7960 ||| DROPPING +0 hand axe.
  8045 | D:8      | Noticed Maurice
  8046 | D:8      | 8046 ||| Stepping ~*~*~tactically~*~*~ (hiding).
  8054 | D:8      | 8054 ||| FLEEEEING.
  8055 | D:8      | 8055 ||| FLEEEEING.
  8056 | D:8      | 8056 ||| FLEEEEING.
  8057 | D:8      | 8057 ||| FLEEEEING.
  8058 | D:8      | 8058 ||| FLEEEEING.
  8058 | D:8      | Killed Maurice
  8059 | D:8      | 8059 ||| Stepping ~*~*~tactically~*~*~ (cloud).
  8064 | D:8      | 8064 ||| FLEEEEING.
  8065 | D:8      | 8065 ||| FLEEEEING.
  8072 | D:8      | 8072 ||| STAIRDANCE
  8112 | D:7      | 8112 ||| UPGRADING to amulet of regeneration.
  8117 | D:7      | 8117 ||| READING scroll labelled XICO TIOLAO.
  8117 | D:7      | Identified a scroll of acquirement
  8117 | D:7      | 8117 ||| ACQUIRING +2 pair of slick slippers {slick,
                  | slippery, EV+4}
  8117 | D:7      | Acquired the +2 pair of slick slippers {slick, slippery,
                  | EV+4}
  8117 | D:7      | Found the +2 pair of slick slippers {slick, slippery, EV+4}
  8119 | D:7      | 8119 ||| UPGRADING to +2 pair of slick slippers {slick,
                  | slippery, EV+4}.
  8128 | D:8      | 8128 ||| INVOKING Heroism.
  8132 | D:8      | Reached skill level 3 in Invocations
  8210 | D:8      | Noticed Erica
  8212 | D:8      | 8212 ||| INVOKING Heroism.
  8226 | D:8      | Killed Erica
  8251 | D:8      | 8251 ||| INVOKING Heroism.
  8279 | D:8      | Noticed Joseph
  8282 | D:8      | 8282 ||| INVOKING Heroism.
  8292 | D:8      | Killed Joseph
  8293 | D:8      | Reached skill level 3 in Throwing
  8356 | D:8      | 8356 ||| Stepping ~*~*~tactically~*~*~ (hiding).
  8481 | D:8      | 8481 ||| INVOKING Heroism.
  8869 | D:8      | 8869 ||| UPGRADING to +0 cloak.
  8874 | D:8      | 8874 ||| DROPPING ring of see invisible.
  8875 | D:8      | 8875 ||| DRINKING 2 smoky silvery potions.
  8917 | D:8      | 8917 ||| READING 3 scrolls of identify.
  8917 | D:8      | 8917 ||| IDENTIFYING silvery potion
  8973 | D:9      | Noticed a deep troll
  8974 | D:9      | 8974 ||| INVOKING Heroism.
  8990 | D:9      | Killed a deep troll
  8990 | D:9      | Reached ** piety under Okawaru
  9076 | D:9      | 9076 ||| DROPPING ring of willpower.
  9077 | D:9      | 9077 ||| READING 2 scrolls of identify.
  9077 | D:9      | 9077 ||| IDENTIFYING clear potion
  9137 | D:9      | 9137 ||| Stepping ~*~*~tactically~*~*~ (stealth).
  9142 | D:9      | 9142 ||| Stepping ~*~*~tactically~*~*~ (hiding).
  9144 | D:9      | 9144 ||| Stepping ~*~*~tactically~*~*~ (hiding).
  9145 | D:9      | 9145 ||| Stepping ~*~*~tactically~*~*~ (hiding).
  9190 | D:9      | 9190 ||| INVOKING Heroism.
  9193 | D:9      | 9193 ||| Stepping ~*~*~tactically~*~*~ (stealth).
  9195 | D:9      | 9195 ||| Stepping ~*~*~tactically~*~*~ (stealth).
  9199 | D:9      | Reached XP level 11. HP: 69/69 MP: 12/14
  9374 | D:9      | 9374 ||| INVOKING Heroism.
  9375 | D:9      | 9375 ||| Stepping ~*~*~tactically~*~*~ (cloud).
  9388 | D:9      | 9388 ||| Stepping ~*~*~tactically~*~*~ (cloud).
  9593 | D:9      | 9593 ||| INVOKING Heroism.
  9596 | D:9      | 9596 ||| Stepping ~*~*~tactically~*~*~ (stealth).
  9598 | D:9      | 9598 ||| Stepping ~*~*~tactically~*~*~ (stealth).
  9604 | D:9      | 9604 ||| Stepping ~*~*~tactically~*~*~ (hiding).
  9606 | D:9      | 9606 ||| Stepping ~*~*~tactically~*~*~ (hiding).
  9615 | D:9      | 9615 ||| INVOKING Heroism.
  9654 | D:9      | 9654 ||| INVOKING Heroism.
  9684 | D:9      | Found a staircase to the Lair.
  9691 | D:9      | 9691 ||| DROPPING +2 flail of protection.
 10032 | D:9      | 10032 ||| PLANNING LAIR
 10032 | D:9      | 10032 ||| UPGRADING to +0 pair of gloves.
 10043 | D:9      | 10043 ||| READING 3 scrolls of identify.
 10043 | D:9      | 10043 ||| IDENTIFYING murky ruby potion
 10047 | D:9      | 10047 ||| READING 2 scrolls of identify.
 10047 | D:9      | 10047 ||| IDENTIFYING ruby potion
 10048 | D:9      | 10048 ||| DROPPING potion of invisibility.
 10049 | D:9      | 10049 ||| DROPPING potion of brilliance.
 10064 | Lair:1   | Entered Level 1 of the Lair of Beasts
 10065 | Lair:1   | 10065 ||| INVOKING Heroism.
 10092 | Lair:1   | 10092 ||| INVOKING Heroism.
 10109 | Lair:1   | 10109 ||| Stepping ~*~*~tactically~*~*~ (stealth).
 10115 | Lair:1   | Reached skill level 9 in Fighting
 10115 | Lair:1   | 10115 ||| Stepping ~*~*~tactically~*~*~ (stealth).
 10117 | Lair:1   | 10117 ||| INVOKING Heroism.
 10139 | Lair:1   | 10139 ||| Stepping ~*~*~tactically~*~*~ (stealth).
 10141 | Lair:1   | 10141 ||| Stepping ~*~*~tactically~*~*~ (stealth).
 10170 | Lair:1   | 10170 ||| INVOKING Heroism.
 10194 | Lair:1   | 10194 ||| INVOKING Heroism.
 10223 | Lair:1   | 10223 ||| INVOKING Heroism.
 10261 | Lair:1   | 10261 ||| Stepping ~*~*~tactically~*~*~ (stealth).
 10329 | Lair:1   | You fall into a shaft and drop 1 floor!
 10339 | Lair:2   | Reached skill level 12 in Axes
 10355 | Lair:2   | 10355 ||| Stepping ~*~*~tactically~*~*~ (stealth).
 10357 | Lair:2   | 10357 ||| INVOKING Heroism.
 10437 | Lair:1   | 10437 ||| INVOKING Heroism.
 10533 | Lair:1   | 10533 ||| INVOKING Heroism.
 10540 | Lair:1   | Reached *** piety under Okawaru
 10541 | Lair:1   | Reached skill level 9 in Armour
 10579 | Lair:1   | 10579 ||| INVOKING Heroism.
 10582 | Lair:1   | Reached skill level 6 in Shields
 10641 | Lair:1   | 10641 ||| INVOKING Heroism.
 10709 | Lair:1   | 10709 ||| INVOKING Heroism.
 10712 | Lair:1   | Reached XP level 12. HP: 76/76 MP: 12/15
 10742 | Lair:1   | Found a runed translucent gate.
 10742 | Lair:1   | Found a runed translucent gate.
 10742 | Lair:1   | Found a runed translucent gate.
 10742 | Lair:1   | Noticed qw's ghost (novice GrFi)
 10742 | Lair:1   | Noticed qw's ghost (journeyman GrFi)
 10863 | Lair:1   | 10863 ||| READING scroll of enchant armour.
 10863 | Lair:1   | 10863 ||| ENCHANTING +0 pair of gloves.
 10969 | Lair:1   | 10969 ||| INVOKING Heroism.
 11158 | Lair:1   | 11158 ||| READING scroll labelled ZUIMPE KOERHE.
 11159 | Lair:1   | 11159 ||| READING scroll labelled AHIGEIGUWN.
 11260 | Lair:1   | 11260 ||| READING scroll labelled NOGIOT GADILE.
 11280 | Lair:2   | 11280 ||| INVOKING Heroism.
 11325 | Lair:2   | 11325 ||| INVOKING Heroism.
 11405 | Lair:2   | 11405 ||| DROPPING +3 hand axe.
 11497 | Lair:2   | Noticed a boulder beetle
 11498 | Lair:2   | 11498 ||| INVOKING Heroism.
 11509 | Lair:2   | Killed a boulder beetle
 11580 | Lair:2   | 11580 ||| INVOKING Heroism.
 11581 | Lair:2   | Received a gift from Okawaru
 11911 | Lair:3   | 11911 ||| INVOKING Heroism.
 11969 | Lair:3   | 11969 ||| INVOKING Heroism.
 12065 | Lair:3   | 12065 ||| READING scroll of enchant weapon.
 12065 | Lair:3   | 12065 ||| ENCHANTING +0 vampiric war axe.
 12111 | Lair:3   | 12111 ||| Stepping ~*~*~tactically~*~*~ (stealth).
 12119 | Lair:3   | Reached **** piety under Okawaru
 12192 | Lair:3   | 12192 ||| Stepping ~*~*~tactically~*~*~ (stealth).
 12195 | Lair:3   | Found a staircase to the Snake Pit.
 12203 | Lair:3   | 12203 ||| FLEEEEING.
 12204 | Lair:3   | 12204 ||| FLEEEEING.
 12205 | Lair:3   | 12205 ||| FLEEEEING.
 12564 | Lair:3   | Found a staircase to the Swamp.
 13036 | Lair:4   | 13036 ||| Stepping ~*~*~tactically~*~*~ (stealth).
 13041 | Lair:4   | Reached skill level 6 in Invocations
 13047 | Lair:4   | Reached ***** piety under Okawaru
 13050 | Lair:4   | Reached XP level 13. HP: 82/82 MP: 17/17
 13174 | Lair:4   | 13174 ||| INVOKING Heroism.
 13395 | Lair:4   | 13395 ||| INVOKING Heroism.
 13396 | Lair:4   | 13396 ||| INVOKING Finesse.
 13772 | Lair:5   | Entered Level 5 of the Lair of Beasts
 13808 | Lair:5   | 13808 ||| INVOKING Heroism.
 13960 | Lair:5   | 13960 ||| INVOKING Heroism.
 13978 | Lair:5   | Identified the +0 hat of the Engineer {Dex+4} (Okawaru
                  | gifted it to you on level 5 of the Lair of Beasts)
 13978 | Lair:5   | Received a gift from Okawaru
 13990 | Lair:5   | 13990 ||| Stepping ~*~*~tactically~*~*~ (stealth).
 13992 | Lair:5   | 13992 ||| INVOKING Heroism.
 14024 | Lair:5   | 14024 ||| Stepping ~*~*~tactically~*~*~ (stealth).
 14025 | Lair:5   | 14025 ||| Stepping ~*~*~tactically~*~*~ (stealth).
 14028 | Lair:5   | 14028 ||| Stepping ~*~*~tactically~*~*~ (hiding).
 14076 | Lair:5   | 14076 ||| INVOKING Heroism.
 14101 | Lair:5   | 14101 ||| Stepping ~*~*~tactically~*~*~ (stealth).
 14117 | Lair:5   | 14117 ||| INVOKING Heroism.
 14130 | Lair:5   | Reached skill level 9 in Invocations
 14132 | Lair:5   | 14132 ||| Stepping ~*~*~tactically~*~*~ (stealth).
 14138 | Lair:5   | 14138 ||| Stepping ~*~*~tactically~*~*~ (stealth).
 14154 | Lair:5   | 14154 ||| INVOKING Heroism.
 14169 | Lair:5   | 14169 ||| Stepping ~*~*~tactically~*~*~ (stealth).
 14283 | Lair:5   | 14283 ||| Stepping ~*~*~tactically~*~*~ (hiding).
 14395 | Lair:5   | 14395 ||| Stepping ~*~*~tactically~*~*~ (hiding).
 14544 | Lair:5   | 14544 ||| INVOKING Heroism.
 14585 | Lair:5   | 14585 ||| Stepping ~*~*~tactically~*~*~ (stealth).
 14586 | Lair:5   | 14586 ||| Stepping ~*~*~tactically~*~*~ (stealth).
 14628 | Lair:5   | 14628 ||| Stepping ~*~*~tactically~*~*~ (stealth).
 14629 | Lair:5   | 14629 ||| Stepping ~*~*~tactically~*~*~ (stealth).
 14678 | Lair:5   | 14678 ||| FLEEEEING.
 14679 | Lair:5   | 14679 ||| FLEEEEING.
 14680 | Lair:5   | 14680 ||| Stepping ~*~*~tactically~*~*~ (stealth).
 14681 | Lair:5   | 14681 ||| INVOKING Heroism.
 14739 | Lair:5   | 14739 ||| Stepping ~*~*~tactically~*~*~ (stealth).
 14740 | Lair:5   | 14740 ||| Stepping ~*~*~tactically~*~*~ (stealth).
 14750 | Lair:5   | Gained mutation: Your large and strong wings let you fly.
                  | [Gargoyle growth]
 14750 | Lair:5   | Reached XP level 14. HP: 90/90 MP: 21/21
 14877 | Lair:5   | Found a staircase to the Slime Pits.
 15000 | Lair:5   | Reached skill level 15 in Axes
 15104 | Lair:5   | 15104 ||| INVOKING Heroism.
 15200 | Lair:5   | 15200 ||| FLEEEEING.
 15201 | Lair:5   | 15201 ||| FLEEEEING.
 15202 | Lair:5   | 15202 ||| FLEEEEING.
 15203 | Lair:5   | 15203 ||| INVOKING Heroism.
 15243 | Lair:5   | 15243 ||| Stepping ~*~*~tactically~*~*~ (hiding).
 15256 | Lair:5   | 15256 ||| INVOKING Finesse.
 15263 | Lair:5   | 15263 ||| INVOKING Heroism.
 15310 | Lair:5   | 15310 ||| Stepping ~*~*~tactically~*~*~ (hiding).
 15311 | Lair:5   | 15311 ||| Stepping ~*~*~tactically~*~*~ (hiding).
 15326 | Lair:5   | 15326 ||| Stepping ~*~*~tactically~*~*~ (stealth).
 15328 | Lair:5   | 15328 ||| Stepping ~*~*~tactically~*~*~ (hiding).
 15331 | Lair:5   | 15331 ||| FLEEEEING.
 15332 | Lair:5   | 15332 ||| INVOKING Heroism.
 15336 | Lair:5   | Received a gift from Okawaru
 15511 | Lair:5   | 15511 ||| FLEEEEING.
 15513 | Lair:5   | 15513 ||| FLEEEEING.
 15514 | Lair:5   | 15514 ||| FLEEEEING.
 15515 | Lair:5   | 15515 ||| FLEEEEING.
 15516 | Lair:5   | 15516 ||| FLEEEEING.
 15517 | Lair:5   | 15517 ||| FLEEEEING.
 15518 | Lair:5   | 15518 ||| FLEEEEING.
 15519 | Lair:5   | 15519 ||| FLEEEEING.
 15520 | Lair:5   | 15520 ||| FLEEEEING.
 15521 | Lair:5   | 15521 ||| FLEEEEING.
 15522 | Lair:5   | 15522 ||| FLEEEEING.
 15523 | Lair:5   | 15523 ||| FLEEEEING.
 15524 | Lair:5   | 15524 ||| FLEEEEING.
 15526 | Lair:5   | 15526 ||| INVOKING Heroism.
 15552 | Lair:5   | Found a snail-covered altar of Cheibriados.
 15608 | Lair:5   | 15608 ||| FLEEEEING.
 15609 | Lair:5   | 15609 ||| FLEEEEING.
 15610 | Lair:5   | 15610 ||| FLEEEEING.
 15611 | Lair:5   | 15611 ||| FLEEEEING.
 15612 | Lair:5   | 15612 ||| FLEEEEING.
 15613 | Lair:5   | 15613 ||| FLEEEEING.
 15614 | Lair:5   | 15614 ||| FLEEEEING.
 15615 | Lair:5   | 15615 ||| FLEEEEING.
 15616 | Lair:5   | 15616 ||| FLEEEEING.
 15617 | Lair:5   | 15617 ||| FLEEEEING.
 15618 | Lair:5   | 15618 ||| FLEEEEING.
 15619 | Lair:5   | 15619 ||| FLEEEEING.
 15622 | Lair:5   | 15622 ||| FLEEEEING.
 15623 | Lair:5   | 15623 ||| FLEEEEING.
 15624 | Lair:5   | 15624 ||| FLEEEEING.
 15625 | Lair:5   | 15625 ||| FLEEEEING.
 15626 | Lair:5   | 15626 ||| FLEEEEING.
 15627 | Lair:5   | 15627 ||| FLEEEEING.
 15628 | Lair:5   | 15628 ||| FLEEEEING.
 15629 | Lair:5   | 15629 ||| FLEEEEING.
 15630 | Lair:5   | 15630 ||| FLEEEEING.
 15631 | Lair:5   | 15631 ||| FLEEEEING.
 15633 | Lair:5   | 15633 ||| FLEEEEING.
 15634 | Lair:5   | 15634 ||| FLEEEEING.
 15635 | Lair:5   | 15635 ||| INVOKING Heroism.
 15642 | Lair:5   | Reached skill level 12 in Fighting
 15843 | Lair:5   | 15843 ||| PLANNING D:1-11
 15843 | Lair:5   | 15843 ||| DROPPING +0 hat of the Engineer {Dex+4}.
 15844 | Lair:5   | 15844 ||| UPGRADING to amulet of faith.
 15968 | D:10     | Entered Level 10 of the Dungeon
 16026 | D:10     | 16026 ||| Stepping randomly (disturbance).
 16060 | D:10     | 16060 ||| Stepping ~*~*~tactically~*~*~ (stealth).
 16062 | D:10     | 16062 ||| Stepping ~*~*~tactically~*~*~ (stealth).
 16163 | D:10     | Found a flagged portal.
 16163 | D:10     | Noticed Maggie
 16179 | D:10     | Killed Maggie
 16388 | D:10     | Noticed Psyche
 16390 | D:10     | 16390 ||| Stepping ~*~*~tactically~*~*~ (stealth).
 16392 | D:10     | 16392 ||| Stepping ~*~*~tactically~*~*~ (stealth).
 16404 | D:10     | Killed Psyche
 16498 | D:10     | 16498 ||| Stepping ~*~*~tactically~*~*~ (stealth).
 16551 | D:10     | Noticed Grum
 16552 | D:10     | 16552 ||| INVOKING Heroism.
 16553 | D:10     | 16553 ||| INVOKING Finesse.
 16562 | D:10     | Killed Grum
 16902 | D:11     | 16902 ||| Stepping ~*~*~tactically~*~*~ (hiding).
 17029 | D:11     | 17029 ||| INVOKING Heroism.
 17226 | D:11     | Received a gift from Okawaru
 17235 | D:11     | 17235 ||| INVOKING Heroism.
 17236 | D:11     | HP: 20/92 [red ugly thing (20)]
 17237 | D:11     | 17237 ||| READING 4 scrolls of teleportation.
 17238 | D:11     | 17238 ||| DRINKING potion of heal wounds.
 17276 | D:11     | 17276 ||| Stepping ~*~*~tactically~*~*~ (stealth).
 17280 | D:11     | 17280 ||| Stepping ~*~*~tactically~*~*~ (stealth).
 17287 | D:11     | 17287 ||| INVOKING Heroism.
 17398 | D:11     | 17398 ||| Stepping ~*~*~tactically~*~*~ (stealth).
 17402 | D:11     | 17402 ||| Stepping ~*~*~tactically~*~*~ (hiding).
 17446 | D:11     | 17446 ||| Stepping ~*~*~tactically~*~*~ (hiding).
 17448 | D:11     | 17448 ||| Stepping ~*~*~tactically~*~*~ (hiding).
 17449 | D:11     | 17449 ||| Stepping ~*~*~tactically~*~*~ (hiding).
 17450 | D:11     | 17450 ||| Stepping ~*~*~tactically~*~*~ (hiding).
 17451 | D:11     | 17451 ||| Stepping ~*~*~tactically~*~*~ (hiding).
 17551 | D:11     | 17551 ||| PLANNING D
 17565 | D:12     | 17565 ||| Stepping ~*~*~tactically~*~*~ (hiding).
 17745 | D:12     | Found a staircase to the Orcish Mines.
 17776 | D:12     | Received a gift from Okawaru
 17847 | D:12     | 17847 ||| INVOKING Heroism.
 17848 | D:12     | 17848 ||| SWAPPING to +0 morningstar.
 17849 | D:12     | 17849 ||| INVOKING Finesse.
 17861 | D:12     | 17861 ||| SWAPPING to +1 vampiric war axe.
 18014 | D:12     | Found Loobb's Assorted Antiques.
 18022 | D:12     | 18022 ||| BUYING 2 potions of curing (138 gold).
 18022 | D:12     | Bought 2 potions of curing for 138 gold pieces
 18022 | D:12     | 18022 ||| BUYING potion of heal wounds (115 gold).
 18022 | D:12     | Bought a potion of heal wounds for 115 gold pieces
 18022 | D:12     | 18022 ||| BUYING potion of heal wounds (115 gold).
 18022 | D:12     | Bought a potion of heal wounds for 115 gold pieces
 18140 | D:12     | 18140 ||| INVOKING Heroism.
 18141 | D:12     | 18141 ||| INVOKING Finesse.
 18492 | D:12     | Reached skill level 3 in Dodging
 18523 | D:12     | 18523 ||| READING scroll of enchant armour.
 18523 | D:12     | 18523 ||| ENCHANTING +1 pair of gloves.
 18600 | D:12     | 18600 ||| INVOKING Heroism.
 18643 | D:12     | 18643 ||| READING 7 scrolls of identify.
 18643 | D:12     | 18643 ||| IDENTIFYING lumpy coppery potion
 18706 | D:13     | Noticed Urug
 18707 | D:13     | 18707 ||| INVOKING Heroism.
 18723 | D:13     | Killed Urug
 18807 | D:13     | 18807 ||| INVOKING Heroism.
 18811 | D:13     | Reached skill level 6 in Throwing
 18841 | D:13     | 18841 ||| Stepping ~*~*~tactically~*~*~ (stealth).
 18845 | D:13     | Reached XP level 15. HP: 96/96 MP: 22/22
 18853 | D:13     | 18853 ||| Stepping ~*~*~tactically~*~*~ (stealth).
 18863 | D:13     | 18863 ||| Stepping ~*~*~tactically~*~*~ (stealth).
 18873 | D:13     | 18873 ||| INVOKING Heroism.
 19056 | D:13     | 19056 ||| Stepping ~*~*~tactically~*~*~ (stealth).
 19057 | D:13     | 19057 ||| Stepping ~*~*~tactically~*~*~ (stealth).
 19076 | D:13     | Noticed Lodul
 19084 | D:13     | Received a gift from Okawaru
 19098 | D:13     | Killed Lodul
 19132 | D:13     | 19132 ||| Stepping ~*~*~tactically~*~*~ (stealth).
 19378 | D:13     | Reached skill level 12 in Armour
 19383 | D:13     | 19383 ||| Stepping ~*~*~tactically~*~*~ (cloud).
 19408 | D:13     | Found a gate to the Vaults.
 19428 | D:13     | Received a gift from Okawaru
 19456 | D:13     | 19456 ||| DROPPING +0 war axe.
 19683 | D:13     | 19683 ||| INVOKING Heroism.
 19800 | D:13     | 19800 ||| Stepping ~*~*~tactically~*~*~ (stealth).
 19921 | D:13     | 19921 ||| DROPPING +1 pair of gloves.
 19922 | D:13     | 19922 ||| UPGRADING to +2 tower shield.
 19932 | D:13     | 19932 ||| DROPPING +0 buckler.
 19954 | D:14     | 19954 ||| INVOKING Heroism.
 20008 | D:14     | Noticed Jorgrun
 20009 | D:14     | 20009 ||| INVOKING Heroism.
 20010 | D:14     | 20010 ||| INVOKING Finesse.
 20028 | D:14     | Killed Jorgrun
 20029 | D:14     | Reached skill level 9 in Shields
 20038 | D:14     | Received a gift from Okawaru
 20193 | D:14     | 20193 ||| Stepping ~*~*~tactically~*~*~ (stealth).
 20241 | D:14     | 20241 ||| Stepping ~*~*~tactically~*~*~ (hiding).
 20242 | D:14     | 20242 ||| Stepping ~*~*~tactically~*~*~ (hiding).
 20707 | D:14     | 20707 ||| READING 2 scrolls of enchant armour.
 20707 | D:14     | 20707 ||| ENCHANTING +1 helmet.
 20708 | D:14     | 20708 ||| READING scroll of enchant armour.
 20708 | D:14     | 20708 ||| ENCHANTING +0 cloak.
 20741 | D:14     | 20741 ||| DROPPING amulet of regeneration.
 20776 | D:15     | Entered Level 15 of the Dungeon
 20939 | D:15     | 20939 ||| INVOKING Heroism.
 20940 | D:15     | 20940 ||| INVOKING Finesse.
 21231 | D:15     | 21231 ||| INVOKING Heroism.
 21252 | D:15     | 21252 ||| Stepping ~*~*~tactically~*~*~ (stealth).
 21281 | D:15     | 21281 ||| Stepping ~*~*~tactically~*~*~ (stealth).
 21292 | D:15     | Received a gift from Okawaru
 21293 | D:15     | 21293 ||| Stepping ~*~*~tactically~*~*~ (stealth).
 21317 | D:15     | Found a staircase to the Depths.
 21363 | D:15     | 21363 ||| Stepping ~*~*~tactically~*~*~ (hiding).
 21364 | D:15     | 21364 ||| Stepping ~*~*~tactically~*~*~ (hiding).
 21377 | D:15     | Reached skill level 12 in Shields
 21534 | D:15     | 21534 ||| PLANNING ORC
 21655 | Orc:1    | Entered Level 1 of the Orcish Mines
 21661 | Orc:1    | 21661 ||| INVOKING Heroism.
 21668 | Orc:1    | Reached XP level 16. HP: 103/103 MP: 21/23
 21727 | Orc:2    | Entered Level 2 of the Orcish Mines
 21741 | Orc:2    | Received a gift from Okawaru
 21753 | Orc:2    | 21753 ||| INVOKING Heroism.
 21803 | Orc:2    | Found a staircase to the Elven Halls.
 21851 | Orc:2    | Found Zaeddumn's Antique Weapon Shoppe.
 21862 | Orc:2    | 21862 ||| BUYING eveningstar (465 gold).
 21862 | Orc:2    | Bought an eveningstar for 465 gold pieces
 21870 | Orc:2    | 21870 ||| DROPPING +0 morningstar.
 21883 | Orc:1    | 21883 ||| Stepping ~*~*~tactically~*~*~ (hiding).
 21886 | Orc:1    | 21886 ||| Stepping ~*~*~tactically~*~*~ (hiding).
 21889 | Orc:1    | 21889 ||| INVOKING Heroism.
 21895 | Orc:1    | Noticed Snorg
 21900 | Orc:1    | 21900 ||| Stepping ~*~*~tactically~*~*~ (hiding).
 21909 | Orc:1    | Killed Snorg
 22238 | Orc:2    | 22238 ||| INVOKING Heroism.
 22240 | Orc:2    | Found Gaesk's Antique Armour Shop.
 22251 | Orc:2    | Identified the +0 ring mail of the Hills {Rampage Drain
                  | Str+4 SInv} (Okawaru gifted it to you on level 2 of the
                  | Orcish Mines)
 22251 | Orc:2    | Received a gift from Okawaru
 22301 | Orc:2    | 22301 ||| BUYING runed chain mail (240 gold).
 22301 | Orc:2    | Bought a runed chain mail for 240 gold pieces
 22301 | Orc:2    | 22301 ||| BUYING transparent chain mail (304 gold).
 22301 | Orc:2    | Bought a transparent chain mail for 304 gold pieces
 22301 | Orc:2    | Identified the +0 chain mail of Uxumur {Rampage rPois} (You
                  | bought it in a shop on level 2 of the Orcish Mines)
 22315 | Orc:2    | 22315 ||| Stepping ~*~*~tactically~*~*~ (hiding).
 22316 | Orc:2    | 22316 ||| Stepping ~*~*~tactically~*~*~ (hiding).
 22318 | Orc:2    | 22318 ||| INVOKING Heroism.
 22328 | Orc:2    | 22328 ||| INVOKING Finesse.
 22382 | Orc:2    | Lost mutation: You are dopey. (Int -2) [a neqoxec]
 22386 | Orc:2    | 22386 ||| INVOKING Heroism.
 22426 | Orc:2    | Found Naroradd's General Store.
 22430 | Orc:2    | 22430 ||| INVOKING Finesse.
 22438 | Orc:2    | 22438 ||| INVOKING Heroism.
 22480 | Orc:2    | 22480 ||| BUYING potion of magic (80 gold).
 22480 | Orc:2    | Bought a potion of magic for 80 gold pieces
 22480 | Orc:2    | 22480 ||| BUYING potion of mutation (80 gold).
 22480 | Orc:2    | Bought a potion of mutation for 80 gold pieces
 22480 | Orc:2    | 22480 ||| BUYING potion of resistance (100 gold).
 22480 | Orc:2    | Bought a potion of resistance for 100 gold pieces
 22500 | Orc:2    | Found a shimmering altar of Xom.
 22558 | Orc:2    | 22558 ||| INVOKING Heroism.
 22649 | Orc:2    | 22649 ||| Stepping ~*~*~tactically~*~*~ (hiding).
 22650 | Orc:2    | 22650 ||| Stepping ~*~*~tactically~*~*~ (hiding).
 22651 | Orc:2    | 22651 ||| Stepping ~*~*~tactically~*~*~ (hiding).
 22787 | Orc:2    | Found Jaur's Book Boutique.
 23069 | Orc:2    | 23069 ||| PLANNING SNAKE:1-3
 23069 | Orc:2    | 23069 ||| DROPPING +0 chain mail of poison resistance.
 23070 | Orc:2    | 23070 ||| DROPPING +0 chain mail of Uxumur {Rampage rPois}.
 23308 | Snake:1  | Entered Level 1 of the Snake Pit
 23338 | Snake:1  | 23338 ||| Stepping ~*~*~tactically~*~*~ (hiding).
 23344 | Snake:1  | 23344 ||| INVOKING Heroism.
 23509 | Snake:1  | 23509 ||| DROPPING +2 war axe.
 23530 | Snake:1  | 23530 ||| Stepping ~*~*~tactically~*~*~ (hiding).
 23538 | Snake:1  | Noticed Aizul
 23539 | Snake:1  | 23539 ||| INVOKING Heroism.
 23565 | Snake:1  | Killed Aizul
 23795 | Snake:1  | 23795 ||| Stepping ~*~*~tactically~*~*~ (hiding).
 23964 | Snake:2  | 23964 ||| Stepping ~*~*~tactically~*~*~ (stealth).
 24073 | Snake:2  | 24073 ||| Stepping ~*~*~tactically~*~*~ (hiding).
 24077 | Snake:2  | 24077 ||| Stepping ~*~*~tactically~*~*~ (hiding).
 24078 | Snake:2  | 24078 ||| Stepping ~*~*~tactically~*~*~ (hiding).
 24080 | Snake:2  | 24080 ||| Stepping ~*~*~tactically~*~*~ (hiding).
 24081 | Snake:2  | 24081 ||| Stepping ~*~*~tactically~*~*~ (hiding).
 24100 | Snake:2  | Reached skill level 15 in Shields
 24168 | Snake:2  | Noticed Kirke
 24169 | Snake:2  | 24169 ||| INVOKING Heroism.
 24181 | Snake:2  | 24181 ||| DRINKING potion of cancellation.
 24190 | Snake:2  | 24190 ||| READING 3 scrolls of teleportation.
 24332 | Snake:2  | 24332 ||| INVOKING Heroism.
 24355 | Snake:2  | Killed Kirke
 24410 | Snake:2  | 24410 ||| READING scroll of enchant weapon.
 24410 | Snake:2  | 24410 ||| ENCHANTING +1 vampiric war axe.
 24556 | Snake:2  | 24556 ||| Stepping ~*~*~tactically~*~*~ (hiding).
 24573 | Snake:2  | 24573 ||| Stepping ~*~*~tactically~*~*~ (hiding).
 24587 | Snake:2  | Identified the +4 war axe of Courage {freeze, rCorr Str+3}
                  | (Okawaru gifted it to you on level 2 of the Snake Pit)
 24587 | Snake:2  | Received a gift from Okawaru
 24714 | Snake:2  | Found Ysoefuff's Distillery.
 24719 | Snake:2  | 24719 ||| BUYING potion of curing (63 gold).
 24719 | Snake:2  | Bought a potion of curing for 63 gold pieces
 24719 | Snake:2  | 24719 ||| BUYING potion of heal wounds (105 gold).
 24719 | Snake:2  | Bought a potion of heal wounds for 105 gold pieces
 24719 | Snake:2  | 24719 ||| BUYING potion of lignification (63 gold).
 24719 | Snake:2  | Bought a potion of lignification for 63 gold pieces
 24719 | Snake:2  | 24719 ||| BUYING potion of magic (168 gold).
 24719 | Snake:2  | Bought a potion of magic for 168 gold pieces
 24719 | Snake:2  | 24719 ||| BUYING potion of magic (168 gold).
 24719 | Snake:2  | Bought a potion of magic for 168 gold pieces
 24719 | Snake:2  | 24719 ||| BUYING potion of might (84 gold).
 24719 | Snake:2  | Bought a potion of might for 84 gold pieces
 24912 | Snake:2  | Found a runed translucent gate.
 24912 | Snake:2  | Found a runed translucent gate.
 24912 | Snake:2  | Found a runed translucent gate.
 25359 | Snake:2  | Found Siowke's Jewellery Emporium.
 25359 | Snake:2  | Found Enusui's Book Boutique.
 25360 | Snake:2  | Found Mugakkos's Book Boutique.
 25368 | Snake:2  | 25368 ||| BUYING ring of protection from fire (350 gold).
 25368 | Snake:2  | Bought a ring of protection from fire for 350 gold pieces
 25368 | Snake:2  | 25368 ||| SHOPLISTING ring of resist corrosion (280 gold,
                  | have 263).
 25412 | Snake:2  | Noticed Razfen's ghost (adept GnWn)
 25564 | Snake:3  | 25564 ||| Stepping ~*~*~tactically~*~*~ (hiding).
 25675 | Snake:3  | 25675 ||| Stepping ~*~*~tactically~*~*~ (hiding).
 25788 | Snake:3  | 25788 ||| INVOKING Heroism.
 25906 | Snake:3  | Received a gift from Okawaru
 25958 | Snake:3  | 25958 ||| INVOKING Heroism.
 26033 | Snake:3  | Reached XP level 17. HP: 108/108 MP: 24/24
 26362 | Snake:3  | 26362 ||| PLANNING SWAMP:1-3
 26362 | Snake:3  | 26362 ||| DROPPING scarf of shadows.
 26500 | Swamp:1  | Entered Level 1 of the Swamp
 26505 | Swamp:1  | 26505 ||| Stepping ~*~*~tactically~*~*~ (hiding).
 26506 | Swamp:1  | 26506 ||| INVOKING Heroism.
 26596 | Swamp:1  | 26596 ||| Stepping ~*~*~tactically~*~*~ (hiding).
 26603 | Swamp:1  | 26603 ||| INVOKING Heroism.
 26604 | Swamp:1  | 26604 ||| SWAPPING to +0 eveningstar.
 26609 | Swamp:1  | 26609 ||| SWAPPING to +2 vampiric war axe.
 26610 | Swamp:1  | 26610 ||| SWAPPING to +0 eveningstar.
 26613 | Swamp:1  | 26613 ||| SWAPPING to +2 vampiric war axe.
 26614 | Swamp:1  | 26614 ||| SWAPPING to +0 eveningstar.
 26617 | Swamp:1  | 26617 ||| SWAPPING to +2 vampiric war axe.
 26618 | Swamp:1  | 26618 ||| SWAPPING to +0 eveningstar.
 26619 | Swamp:1  | 26619 ||| SWAPPING to +2 vampiric war axe.
 26622 | Swamp:1  | 26622 ||| SWAPPING to +0 eveningstar.
 26623 | Swamp:1  | 26623 ||| SWAPPING to +2 vampiric war axe.
 26626 | Swamp:1  | 26626 ||| Stepping ~*~*~tactically~*~*~ (cloud).
 26627 | Swamp:1  | 26627 ||| Stepping ~*~*~tactically~*~*~ (cloud).
 26631 | Swamp:1  | 26631 ||| SWAPPING to +0 eveningstar.
 26633 | Swamp:1  | 26633 ||| Stepping ~*~*~tactically~*~*~ (cloud).
 26639 | Swamp:1  | 26639 ||| SWAPPING to +2 vampiric war axe.
 26641 | Swamp:1  | 26641 ||| Stepping ~*~*~tactically~*~*~ (cloud).
 26662 | Swamp:1  | 26662 ||| Stepping ~*~*~tactically~*~*~ (stealth).
 26670 | Swamp:1  | 26670 ||| Stepping ~*~*~tactically~*~*~ (stealth).
 26688 | Swamp:1  | 26688 ||| Stepping ~*~*~tactically~*~*~ (stealth).
 26692 | Swamp:1  | 26692 ||| INVOKING Heroism.
 26724 | Swamp:1  | 26724 ||| Stepping ~*~*~tactically~*~*~ (stealth).
 26727 | Swamp:1  | 26727 ||| Stepping ~*~*~tactically~*~*~ (stealth).
 26746 | Swamp:1  | 26746 ||| Stepping ~*~*~tactically~*~*~ (stealth).
 26747 | Swamp:1  | 26747 ||| Stepping ~*~*~tactically~*~*~ (stealth).
 26766 | Swamp:1  | 26766 ||| Stepping ~*~*~tactically~*~*~ (hiding).
 26767 | Swamp:1  | 26767 ||| Stepping ~*~*~tactically~*~*~ (stealth).
 26768 | Swamp:1  | 26768 ||| Stepping ~*~*~tactically~*~*~ (stealth).
 26851 | Swamp:1  | 26851 ||| INVOKING Heroism.
 26891 | Swamp:1  | 26891 ||| Stepping ~*~*~tactically~*~*~ (stealth).
 26892 | Swamp:1  | 26892 ||| Stepping ~*~*~tactically~*~*~ (stealth).
 26928 | Swamp:1  | 26928 ||| Stepping ~*~*~tactically~*~*~ (stealth).
 26938 | Swamp:1  | Received a gift from Okawaru
 26996 | Swamp:1  | 26996 ||| Stepping ~*~*~tactically~*~*~ (stealth).
 27007 | Swamp:1  | 27007 ||| READING scroll of enchant armour.
 27007 | Swamp:1  | 27007 ||| ENCHANTING +1 cloak.
 27010 | Swamp:1  | 27010 ||| Stepping ~*~*~tactically~*~*~ (stealth).
 27012 | Swamp:1  | 27012 ||| INVOKING Heroism.
 27019 | Swamp:1  | 27019 ||| SWAPPING to +0 eveningstar.
 27027 | Swamp:1  | 27027 ||| SWAPPING to +2 vampiric war axe.
 27051 | Swamp:1  | 27051 ||| Stepping ~*~*~tactically~*~*~ (hiding).
 27085 | Swamp:1  | 27085 ||| Stepping ~*~*~tactically~*~*~ (stealth).
 27118 | Swamp:1  | 27118 ||| INVOKING Heroism.
 27142 | Swamp:1  | 27142 ||| INVOKING Heroism.
 27490 | Swamp:1  | 27490 ||| DROPPING scarf of repulsion.
 27491 | Swamp:1  | 27491 ||| UPGRADING to scarf of resistance.
 27527 | Swamp:2  | You are sucked into a shaft and drop 1 floor!
 27546 | Swamp:3  | 27546 ||| INVOKING Heroism.
 27550 | Swamp:3  | 27550 ||| SWAPPING to +0 eveningstar.
 27556 | Swamp:3  | Identified the +5 kite shield "Laywnori" {-Cast Will+
                  | Dex+3} (Okawaru gifted it to you on level 3 of the Swamp)
 27556 | Swamp:3  | Received a gift from Okawaru
 27562 | Swamp:3  | 27562 ||| SWAPPING to +2 vampiric war axe.
 27624 | Swamp:3  | 27624 ||| Stepping ~*~*~tactically~*~*~ (hiding).
 27806 | Swamp:2  | 27806 ||| INVOKING Heroism.
 27822 | Swamp:2  | Reached skill level 18 in Shields
 27924 | Swamp:2  | 27924 ||| Stepping ~*~*~tactically~*~*~ (hiding).
 27975 | Swamp:2  | 27975 ||| Stepping ~*~*~tactically~*~*~ (hiding).
 28055 | Swamp:2  | 28055 ||| Stepping ~*~*~tactically~*~*~ (hiding).
 28066 | Swamp:2  | 28066 ||| Stepping ~*~*~tactically~*~*~ (hiding).
 28285 | Swamp:2  | 28285 ||| Stepping ~*~*~tactically~*~*~ (hiding).
 28286 | Swamp:2  | 28286 ||| Stepping ~*~*~tactically~*~*~ (hiding).
 28292 | Swamp:2  | 28292 ||| INVOKING Heroism.
 28365 | Swamp:2  | 28365 ||| Stepping ~*~*~tactically~*~*~ (hiding).
 28366 | Swamp:2  | 28366 ||| INVOKING Heroism.
 28516 | Swamp:2  | 28516 ||| DROPPING +1 pair of boots.
 28546 | Swamp:3  | 28546 ||| INVOKING Heroism.
 28673 | Swamp:3  | 28673 ||| Stepping ~*~*~tactically~*~*~ (hiding).
 28674 | Swamp:3  | 28674 ||| Stepping ~*~*~tactically~*~*~ (hiding).
 28676 | Swamp:3  | 28676 ||| INVOKING Heroism.
 28816 | Swamp:3  | 28816 ||| INVOKING Heroism.
 28857 | Swamp:3  | 28857 ||| Stepping ~*~*~tactically~*~*~ (hiding).
 29017 | Swamp:3  | 29017 ||| PLANNING SNAKE:4
 29017 | Swamp:3  | 29017 ||| DROPPING ring of ice.
 29202 | Snake:4  | Entered Level 4 of the Snake Pit
 29278 | Snake:4  | Found a runed translucent gate.
 29278 | Snake:4  | Found a runed translucent gate.
 29281 | Snake:4  | Found a runed translucent gate.
 29289 | Snake:4  | Noticed qw's ghost (adept MiHu)
 29290 | Snake:4  | Noticed qw's ghost (adept GrFi)
 29290 | Snake:4  | Noticed qw's ghost (adept GrFi)
 29410 | Snake:4  | 29410 ||| Stepping ~*~*~tactically~*~*~ (hiding).
 29427 | Snake:4  | Received a gift from Okawaru
 29567 | Snake:4  | 29567 ||| Stepping ~*~*~tactically~*~*~ (hiding).
 29571 | Snake:4  | 29571 ||| Stepping ~*~*~tactically~*~*~ (hiding).
 29584 | Snake:4  | Received a gift from Okawaru
 29608 | Snake:4  | 29608 ||| Stepping ~*~*~tactically~*~*~ (hiding).
 29741 | Snake:4  | Identified the scarf of a sewer {harm, Int+4 SInv}
 29744 | Snake:4  | 29744 ||| Stepping ~*~*~tactically~*~*~ (hiding).
 29745 | Snake:4  | 29745 ||| Stepping ~*~*~tactically~*~*~ (hiding).
 29746 | Snake:4  | 29746 ||| INVOKING Heroism.
 29765 | Snake:4  | Reached skill level 15 in Fighting
 29816 | Snake:4  | 29816 ||| INVOKING Heroism.
 29834 | Snake:4  | Noticed Asterion
 29835 | Snake:4  | 29835 ||| INVOKING Finesse.
 29850 | Snake:4  | Received a gift from Okawaru
 29864 | Snake:4  | Killed Asterion
 29939 | Snake:4  | 29939 ||| Stepping ~*~*~tactically~*~*~ (stealth).
 29943 | Snake:4  | 29943 ||| SWAPPING to +2 vampiric broad axe.
 29944 | Snake:4  | 29944 ||| DROPPING +0 broad axe.
 29947 | Snake:4  | 29947 ||| DROPPING +2 vampiric war axe.
 29966 | Snake:4  | 29966 ||| Stepping ~*~*~tactically~*~*~ (hiding).
 30101 | Snake:4  | 30101 ||| INVOKING Heroism.
 30106 | Snake:4  | Reached XP level 18. HP: 119/119 MP: 22/25
 30125 | Snake:4  | 30125 ||| DROPPING +0 eveningstar.
 30173 | Snake:4  | Got a serpentine rune of Zot
 30276 | Snake:4  | 30276 ||| Stepping ~*~*~tactically~*~*~ (hiding).
 30416 | Snake:4  | Found a gateway to a bazaar.
 30417 | Snake:4  | 30417 ||| PLANNING BAZAAR
 30417 | Snake:4  | 30417 ||| UPGRADING to +2 tower shield of protection.
 30427 | Snake:4  | 30427 ||| DROPPING +2 tower shield.
 30428 | Snake:4  | 30428 ||| DROPPING scarf of a sewer {harm, Int+4 SInv}.
 30434 | Bazaar   | Entered a bazaar
 30454 | Bazaar   | Found Nejeobyfatz's Assorted Antiques.
 30459 | Bazaar   | 30459 ||| BUYING glowing chain mail (202 gold).
 30459 | Bazaar   | Bought a glowing chain mail for 202 gold pieces
 30459 | Bazaar   | 30459 ||| BUYING potion of curing (81 gold).
 30459 | Bazaar   | Bought a potion of curing for 81 gold pieces
 30459 | Bazaar   | 30459 ||| BUYING potion of might (108 gold).
 30459 | Bazaar   | Bought a potion of might for 108 gold pieces
 30470 | Bazaar   | Found Xaocu's Jewellery Emporium.
 30486 | Bazaar   | Found Qalaudeu's Assorted Antiques.
 30491 | Bazaar   | 30491 ||| BUYING potion of attraction (57 gold).
 30491 | Bazaar   | Bought a potion of attraction for 57 gold pieces
 30491 | Bazaar   | 30491 ||| BUYING potion of enlightenment (95 gold).
 30491 | Bazaar   | Bought a potion of enlightenment for 95 gold pieces
 30502 | Bazaar   | Found Idiruff's Weapon Emporium.
 30502 | Bazaar   | Found Vecvi's Distillery.
 30536 | Bazaar   | 30536 ||| DROPPING +2 chain mail of poison resistance.
 30540 | Snake:4  | 30540 ||| PLANNING SNAKE:4
 30569 | Snake:4  | 30569 ||| PLANNING VAULTS:1-4
 30827 | Vaults:1 | Entered Level 1 of the Vaults
 30836 | Vaults:1 | 30836 ||| Stepping ~*~*~tactically~*~*~ (hiding).
 30859 | Vaults:1 | 30859 ||| Stepping ~*~*~tactically~*~*~ (stealth).
 30868 | Vaults:1 | 30868 ||| FLEEEEING.
 30871 | Vaults:1 | 30871 ||| FLEEEEING.
 30872 | Vaults:1 | 30872 ||| FLEEEEING.
 30873 | Vaults:1 | 30873 ||| FLEEEEING.
 30874 | Vaults:1 | 30874 ||| STAIRDANCE
 30979 | Vaults:1 | 30979 ||| STAIRDANCE
 31108 | Vaults:1 | 31108 ||| FLEEEEING.
 31109 | Vaults:1 | 31109 ||| FLEEEEING.
 31110 | Vaults:1 | 31110 ||| Stepping ~*~*~tactically~*~*~ (hiding).
 31133 | Vaults:1 | 31133 ||| INVOKING Heroism.
 31145 | Vaults:1 | 31145 ||| Stepping ~*~*~tactically~*~*~ (hiding).
 31279 | Vaults:1 | 31279 ||| INVOKING Heroism.
 31359 | Vaults:1 | 31359 ||| FLEEEEING.
 31360 | Vaults:1 | 31360 ||| FLEEEEING.
 31365 | Vaults:1 | 31365 ||| FLEEEEING.
 31581 | Vaults:1 | Received a gift from Okawaru
 31588 | Vaults:1 | 31588 ||| Stepping ~*~*~tactically~*~*~ (hiding).
 31591 | Vaults:1 | 31591 ||| FLEEEEING.
 31852 | Vaults:1 | 31852 ||| INVOKING Heroism.
 32000 | Vaults:1 | 32000 ||| Stepping ~*~*~tactically~*~*~ (stealth).
 32126 | Vaults:1 | 32126 ||| Stepping ~*~*~tactically~*~*~ (stealth).
 32127 | Vaults:1 | 32127 ||| Stepping ~*~*~tactically~*~*~ (stealth).
 32129 | Vaults:1 | 32129 ||| Stepping ~*~*~tactically~*~*~ (stealth).
 32132 | Vaults:1 | 32132 ||| Stepping ~*~*~tactically~*~*~ (stealth).
 32143 | Vaults:1 | Received a gift from Okawaru
 32444 | Vaults:2 | 32444 ||| Stepping ~*~*~tactically~*~*~ (hiding).
 32445 | Vaults:2 | 32445 ||| Stepping ~*~*~tactically~*~*~ (hiding).
 32462 | Vaults:2 | Noticed a dread lich
 32463 | Vaults:2 | 32463 ||| INVOKING Heroism.
 32475 | Vaults:2 | Noticed a titan
 32475 | Vaults:2 | Killed a dread lich
 32476 | Vaults:2 | Reached skill level 18 in Axes
 32481 | Vaults:2 | 32481 ||| INVOKING Finesse.
 32498 | Vaults:2 | Killed a titan
 32557 | Vaults:2 | Received a gift from Okawaru
 32764 | Vaults:2 | Reached XP level 19. HP: 115/124 MP: 26/26
 32764 | Vaults:2 | Noticed Mennas
 32764 | Vaults:2 | 32764 ||| INVOKING Heroism.
 32765 | Vaults:2 | 32765 ||| INVOKING Finesse.
 32774 | Vaults:2 | HP: 18/124 [vault warden/+0 long sword (36)]
 32775 | Vaults:2 | 32775 ||| READING 5 scrolls of teleportation.
 32775 | Vaults:2 | Slain by a vault warden

Levels and vault maps discovered:
D:1:      eino_arrival_druids_welcome, layout_basic
D:2:      layout_loops_ring, serial_shops, nicolae_diamond_shop,
          nicolae_wormholes, uniq_robin, uniq_crazy_yiuf_cottage
D:3:      layout_loops_cross
D:4:      layout_loops_ring, uniq_edmund, uniq_ijyb
D:5:      layout_loops_corners
D:6:      layout_basic, grunt_dithmenos_smoke, minmay_manual_moon,
          uniq_prince_ribbit1, uniq_duvessa, uniq_pikel
D:7:      layout_gridville, minmay_temple_entry_grid, serial_bayou,
          serial_bayou_shore_b, serial_bayou_lake_a, serial_bayou_pond_c,
          serial_bayou_lagoon_a
D:8:      layout_basic, serial_shops, shop, uniq_erica, uniq_maurice,
          uniq_joseph
D:9:      layout_basic, erik_lair_orcish_takeover,
          hangedman_abyss_or_decor_stabs, kennysheep_flooded_box,
          minmay_misc_feat_room, minmay_statues_item, kennysheep_island_fort
D:10:     lemuel_flame_loot_2, layout_small_grid, enter_bailey_3,
          abandoned_shop, uniq_grum, uniq_psyche, uniq_maggie
D:11:     layout_basic
D:12:     layout_basic, orc_0_dummy, serial_shops, shop,
          nicolae_concentric_dashed_squares_mild
D:13:     evilmike_halls_of_destruction, layout_irregular_city,
          grunt_vaults_entry_tiered, uniq_lodul, uniq_urug
D:14:     layout_irregular_city, serial_bayou_pond_e, nicolae_lava_and_water,
          chequers_arboretum, uniq_jorgrun
D:15:     gammafunk_enter_depths_forms, layout_basic, dreamdust_wishing_well,
          chequers_serial_rivers_micro_e
Temple:   mainiacjoe_temple_starburst
Lair:1:   layout_regular_city, gammafunk_ghost_cemetery, grunt_megastairs_1
Lair:2:   layout_long_grid, minivault_26
Lair:3:   layout_loops_ring, minmay_swamp_entry_worms,
          nicolae_snake_entry_warm_welcome
Lair:4:   layout_gridlike, st_stairs_12
Lair:5:   hangedman_lair_caniforms_friends, layout_layer_cave,
          hangedman_lair_in_review, dpeg_slime_entry_corner,
          kennysheep_snail_temple
Swamp:1:  layout_falls_marsh, nicolae_swamp_triple_paths, swamp_pool3,
          infiniplex_staircase_pool_2
Swamp:2:  layout_basic_swamp, evilmike_swamp_ruin_house_3, swamp_pool5
Swamp:3:  layout_falls_marsh, evilmike_swamp_ruin_house_6, swamp_pool1
Snake:1:  layout_misc_corridors, uniq_aizul
Snake:2:  layout_layer_cave, gammafunk_ghost_necromancy, serial_shops,
          nicolae_shop_rolling_square, serial_bayou_shore_a, minmay_shop_grove,
          uniq_kirke
Snake:3:  layout_gridlike, lemuel_fruit_tree, serial_bayou_shore_b
Snake:4:  minmay_snake_end_coiled, layout_cave_town, gammafunk_ghost_cemetery,
          serial_shops, bzr_entry_safe, uniq_asterion
Orc:1:    layout_diamond_mine, uniq_snorg
Orc:2:    grunt_orc_gardens, layout_diamond_mine, grunt_orc_garden,
          grunt_orc_garden, grunt_orc_garden, grunt_orc_garden, basic_altar
Vaults:1: nicolae_vaults_oval_intersection, dpeg_vaults_monster_box,
          nicolae_vaults_trapezoid_2, nicolae_vaults_storage_closets_3,
          nicolae_vaults_angled_halls, grunt_vaults_diagonal, v_misc_2,
          hangedman_vaults_trim, hangedman_vaults_maws, ontoclasm_vaults_pinch,
          layout_vaults_quadrants
Vaults:2: nicolae_vaults_triangles, nicolae_vaults_offset_grid_hallway_3,
          vaults_room_hallway, nicolae_vaults_storage_closets_1,
          minmay_crypt_entry_simple_walls, vaults_room_door_ring,
          nicolae_vaults_weapon_check, dpeg_vaults_pockets_of_resistance,
          nicolae_vaults_house_1, nicolae_vaults_apartment_1,
          layout_vaults_maze_snakey, uniq_mennas

Skill      XL: |  1  2  3  4  5  6  7  8  9 10 11 12 13 14 15 16 17 18 |
---------------+-------------------------------------------------------+-----
Axes           | 2 3 4 5 7 10 12 13 14 16 18 | 18.0
Throwing       | 1 2 3 4 6 7 8 |  8.2
Fighting       | 4 6 7 8 9 10 11 12 13 15 | 15.4
Dodging        | 2 3 4 |  4.3
Armour         | 4 5 7 9 10 11 12 13 | 13.0
Shields        | 4 5 6 7 8 12 17 18 | 18.8
Invocations    | 4 6 10 | 10.0

Action                     |  1- 3 |  4- 6 |  7- 9 | 10-12 | 13-15 | 16-18 | 19-21 || total
---------------------------+-------+-------+-------+-------+-------+-------+-------++-------
  Melee: War axe           |    80 |   230 |   343 |   592 |  1373 |  1394 |       ||  4012
         Morningstar       |       |       |       |       |    11 |       |       ||    11
         Unarmed           |       |       |       |       |       |     5 |       ||     5
         Eveningstar       |       |       |       |       |       |    32 |       ||    32
         Broad axe         |       |       |       |       |       |   435 |     9 ||   444
  Throw: Javelin           |    16 |     4 |    27 |   147 |   193 |   126 |       ||   513
         Boomerang         |       |       |       |     1 |    58 |    71 |       ||   130
 Invoke: Heroism           |       |       |     3 |    30 |    32 |    34 |     1 ||   100
         Finesse           |       |       |       |       |     7 |     4 |     1 ||    12
    Use: Scroll            |     4 |     7 |     7 |    10 |     5 |     3 |     1 ||    37
         Potion            |     1 |     2 |     2 |     1 |     1 |     1 |       ||     8
 Armour: Scale mail        |    41 |   129 |     1 |       |       |       |       ||   171
         Plate armour      |       |       |   259 |   300 |   827 |   686 |     8 ||  2080
  Dodge: Dodged            |    54 |    95 |   115 |   291 |   586 |   475 |     3 ||  1619
  Block: Buckler           |    15 |    28 |    52 |   104 |   240 |       |       ||   439
         Tower shield      |       |       |       |       |   228 |  1508 |    14 ||  1750

Table legend:
 A = Non-vault XP
 B = Vault XP
 C = Vault XP percentage of total XP
 D = Non-vault monster count
 E = Vault monster count
 F = Vault count percentage of total count
                 A         B        C        D         E       F
            +---------+---------+-------+---------+---------+-------
      Total |  193616 |  124202 |  39.1 |     687 |     315 |  31.4
            +---------+---------+-------+---------+---------+-------
        D:1 |      21 |       0 |   0.0 |      14 |       0 |   0.0
        D:2 |      54 |      53 |  49.5 |      19 |      15 |  44.1
        D:3 |     143 |       0 |   0.0 |      29 |       0 |   0.0
        D:4 |     169 |     212 |  55.6 |      14 |       2 |  12.5
        D:5 |     495 |       0 |   0.0 |      17 |       0 |   0.0
        D:6 |     631 |    1393 |  68.8 |      11 |      11 |  50.0
        D:7 |    1320 |       0 |   0.0 |      27 |       0 |   0.0
        D:8 |    1675 |    1446 |  46.3 |      19 |       3 |  13.6
        D:9 |    1973 |    1627 |  45.2 |      30 |      13 |  30.2
       D:10 |    2930 |    1201 |  29.1 |      18 |       9 |  33.3
       D:11 |    5077 |       0 |   0.0 |      19 |       0 |   0.0
       D:12 |    7424 |       0 |   0.0 |      20 |       0 |   0.0
       D:13 |    7597 |   13721 |  64.4 |      21 |      39 |  65.0
       D:14 |   10933 |    1904 |  14.8 |      27 |       1 |   3.6
       D:15 |    6314 |    5214 |  45.2 |      14 |       9 |  39.1
     Lair:1 |    5013 |    1643 |  24.7 |      20 |       6 |  23.1
     Lair:2 |    5252 |       0 |   0.0 |      21 |       0 |   0.0
     Lair:3 |    4180 |    1466 |  26.0 |      17 |       8 |  32.0
     Lair:4 |    8211 |     425 |   4.9 |      28 |       1 |   3.4
     Lair:5 |   10790 |   18458 |  63.1 |      36 |      77 |  68.1
    Swamp:1 |   13595 |       0 |   0.0 |      29 |       0 |   0.0
    Swamp:2 |   13398 |     397 |   2.9 |      24 |       3 |  11.1
    Swamp:3 |   10233 |       0 |   0.0 |      21 |       0 |   0.0
    Snake:1 |    6683 |    1176 |  15.0 |      13 |       1 |   7.1
    Snake:2 |   13658 |    2232 |  14.0 |      27 |       5 |  15.6
    Snake:3 |   15273 |       0 |   0.0 |      33 |       0 |   0.0
    Snake:4 |    8251 |   19445 |  70.2 |      16 |      36 |  69.2
      Orc:1 |    2424 |     981 |  28.8 |      25 |       1 |   3.8
      Orc:2 |    2304 |   10141 |  81.5 |      35 |      27 |  43.5
   Vaults:1 |   24526 |   11191 |  31.3 |      39 |      20 |  33.9
   Vaults:2 |    3069 |   29876 |  90.7 |       4 |      28 |  87.5
            +---------+---------+-------+---------+---------+-------
